 Dungeon Crawl Stone Soup version 0.31.0-1-g2c135a0 (webtiles) character file.

Game seed: 11377062589381692664

93 jagoly the Apothecary (level 4, -2/27 HPs)
             Began as an Octopode Alchemist on Jan 24, 2024.
             Slain by a gnoll
             ... wielding a +0 spear
             ... led by a gnoll bouda
              (10 damage)
             ... on level 6 of the Dungeon.
             The game lasted 00:07:49 (535 turns).

jagoly the Apothecary (Octopode Alchemist)           Turns: 535, Time: 00:07:49

Health: -2/27      AC:  1    Str:  7    XL:     4   Next: 62%
Magic:  2/7        EV: 13    Int: 19    God:
Gold:   69         SH:  0    Dex: 12    Spells: 6/7 levels left

rFire   . . .        a - +2 dagger (venom)
rCold   . . .        (no shield)
rNeg    . . .        (helmet restricted)
rPois   .            (no amulet)
rElec   .            (no ring)
rCorr   .            (no ring)
SInv    .            (no ring)
Will    .....        (no ring)
Stlth   +++          (no ring)
HPRegen 0.24/turn    (no ring)
MPRegen 0.10/turn    (no ring)
                     (no ring)

%: no passive effects
@: no status effects
A: almost no armour, amphibious, 8 rings, camouflage 1, gelatinous body 1,
(nimble swimmer 1), tentacles
a: no special abilities


You were on level 6 of the Dungeon.
You visited 1 branch of the dungeon, and saw 5 of its levels.

You collected 69 gold pieces.

Inventory:

Hand Weapons
 a - a +2 dagger of venom (weapon)
 b - a +0 sling
Missiles
 d - 18 stones
Scrolls
 e - a scroll of vulnerability {unknown}
 g - a scroll of torment {unknown}
 h - a scroll of enchant armour {unknown}
 j - a scroll of blinking {unknown}
 l - a scroll of identify {unknown}
Potions
 f - a potion of curing {unknown}
 k - a potion of magic
 m - a potion of enlightenment {unknown}


   Skills:
 - Level 2.0 Dodging
 - Level 4.0 Stealth
 - Level 2.0 Spellcasting
 - Level 2.0 Conjurations
 + Level 4.9 Alchemy


You had 6 spell levels left.
You knew the following spells:

 Your Spells              Type           Power      Damage    Failure   Level
a - Sting                 Conj/Alch      60%        1d6       4%          1

Your spell library contained the following spells:

 Spells                   Type           Power      Damage    Failure   Level
 Mercury Vapours          Alch/Air       22%        N/A       10%         2
 Mephitic Cloud           Conj/Alch/Air  10%        N/A       21%         3
 Olgreb's Toxic Radiance  Alch           20%        N/A       22%         4
 Sticky Flame             Fire/Alch      11%        2d5       52%         4


Dungeon Overview and Level Annotations

Branches:
Dungeon (4/15) Zot: 26942
 Temple: D:4-7

Altars:


Innate Abilities, Weirdness & Mutations

You cannot wear most types of armour.
You are amphibious.
You can wear up to eight rings at the same time.
Your skin changes colour to match your surroundings (Stealth+).
Your rubbery body absorbs attacks. (AC +1, EV +1)
((You are camouflaged when in or above water. (Stealth+)))
You have tentacles for arms and can constrict up to eight enemies at once.


Message History

The sting hits the adder but does no damage.
The adder is poisoned.
Cast which spell? (? or * to list)
Aiming: Sting (safe; 7% risk of failure)
Press: ? - help, Shift-Dir - straight line, f/p - adder
Aim: an adder (poisoned, 53% to hit)
The sting misses the adder.
The adder closely misses you.
You closely miss the adder. Your grab misses the adder.
The adder is moderately wounded.
The adder closely misses you.
You miss the adder. You grab the adder. You squeeze the adder.
The adder is heavily wounded.
You constrict the adder. The adder misses you.
You hit the adder.
The adder is almost dead.
You constrict the adder.
You kill the adder!
You have reached level 3!
Your experience leads to an increase in your attributes!
Increase (S)trength, (I)ntelligence, or (D)exterity?
You feel clever. x2
You completely miss the hobgoblin. You grab the hobgoblin.
You squeeze the hobgoblin.
The hobgoblin is lightly wounded.
You constrict the hobgoblin, but do no damage.
The hobgoblin closely misses you.
You hit the hobgoblin.
The hobgoblin is severely wounded.
You constrict the hobgoblin. The hobgoblin hits you.
You hit the hobgoblin but do no damage.
The hobgoblin is almost dead.
You constrict the hobgoblin.
You kill the hobgoblin!
A ball python comes into view.
The ball python closely misses you. The ball python misses you.
You closely miss the ball python. You grab the ball python.
You squeeze the ball python.
You kill the ball python!
You now have 38 gold pieces (gained 6).
Found a ring mail.
You see here a +0 ring mail.
HP restored.
Found 4 stones.
d - 5 stones (gained 4)
A kobold comes into view. It is wielding a +0 short sword.
A kobold comes into view. It is wielding a +0 club.
Found a faded altar of an unknown god.
The kobold shouts!
Cast which spell? (? or * to list)
Aiming: Sting (safe; 5% risk of failure)
Press: ? - help, Shift-Dir - straight line, f - kobold
Aim: a kobold, wielding a +0 short sword and quivering stones (64% to hit)
The sting hits the kobold.
The kobold is poisoned.
You kill the kobold!
The kobold shouts!
Cast which spell? (? or * to list)
Aiming: Sting (safe; 5% risk of failure)
Press: ? - help, Shift-Dir - straight line, f - kobold
Aim: a kobold, wielding a +0 club (64% to hit)
The sting misses the kobold.
Cast which spell? (? or * to list)
Aiming: Sting (safe; 5% risk of failure)
Press: ? - help, Shift-Dir - straight line, f/p - kobold
Aim: a kobold, wielding a +0 club (64% to hit)
The sting hits the kobold.
The kobold is poisoned.
You kill the kobold!
Things that are here:
a +0 club; a kobold corpse
There is a faded altar of an unknown god here.
This altar belongs to (a) the Shining One, (b) Vehumet or (c) Makhleb, but you can't tell which.
Press the corresponding letter to learn more about a god, or press enter to convert or escape to cancel.
Okay, then.
Unknown command.
Press < or > to pray at altars.
Unknown command.
Press < or > to pray at altars.
Unknown command.
Press < or > to pray at altars.
Found 11 gold pieces.
A ball python comes into view.
Found 5 gold pieces.
Found a stone staircase leading up.
You see here 5 gold pieces.
You now have 43 gold pieces (gained 5).
The ball python hisses angrily.
The ball python bites you. The ball python closely misses you.
You see here 11 gold pieces.
Cast which spell? (? or * to list)
Aiming: Sting (safe; 5% risk of failure)
Press: ? - help, Shift-Dir - straight line, f - ball python
Aim: a ball python (68% to hit)
The sting hits the ball python.
The ball python is poisoned.
The ball python is severely wounded.
The ball python closely misses you. x2
You hit the ball python.
You kill the ball python!
You now have 54 gold pieces (gained 11).
There is a stone staircase leading up here.
You climb upwards.
Found an escape hatch in the floor.
There is a stone staircase leading down here.
You climb downwards.
There is a stone staircase leading up here.
Found 6 gold pieces.
A hobgoblin comes into view.
The hobgoblin shouts!
You see here 6 gold pieces.
You now have 60 gold pieces (gained 6).
Cast which spell? (? or * to list)
Aiming: Sting (safe; 5% risk of failure)
Press: ? - help, Shift-Dir - straight line, f - hobgoblin
Aim: a hobgoblin (71% to hit)
You miscast Sting.
You are very lightly contaminated with residual magic.
Nothing appears to happen.
Cast which spell? (? or * to list)
Aiming: Sting (safe; 5% risk of failure)
Press: ? - help, Shift-Dir - straight line, f/p - hobgoblin
Aim: a hobgoblin (71% to hit)
The sting hits the hobgoblin but does no damage.
The hobgoblin is poisoned.
You closely miss the hobgoblin. You grab the hobgoblin.
The hobgoblin is lightly wounded.
You constrict the hobgoblin, but do no damage.
The hobgoblin barely misses you.
You hit the hobgoblin. You squeeze the hobgoblin.
You kill the hobgoblin!
No target in view!
Your magical contamination has completely faded away.
Found a scroll labelled OCOBREWOO.
Found a stone staircase leading up.
Magic restored.
h - a scroll labelled OCOBREWOO
Found a stone staircase leading down.
There is a stone staircase leading up here.
You climb upwards.
Found a scroll labelled EGUILOSAWI and 9 stones.
There is a stone staircase leading down here.
Found a spear.
A goblin comes into view. It is wielding a +0 dagger.
You see here a +0 spear.
i - a +0 spear
d - 11 stones (gained 6)
Found a sling.
j - a scroll labelled EGUILOSAWI You see here a +0 sling.
k - a +0 sling
k - a +0 sling (weapon)
Cast which spell? (? or * to list)
You can't see any susceptible monsters within range! (Use Z to cast anyway.) Cast which spell? (? or * to list)
Aiming: Sting (safe; 5% risk of failure)
Press: ? - help, Shift-Dir - straight line, f - goblin
Aim: a goblin, wielding a +0 dagger (asleep, 100% to hit)
The sting hits the goblin.
The goblin is poisoned.
The goblin is severely wounded.
The goblin shouts!
You hear a shout!
A goblin comes into view. It is wielding a +0 club.
You kill the goblin!
Cast which spell? (? or * to list)
Aiming: Sting (safe; 4% risk of failure)
Press: ? - help, Shift-Dir - straight line, f - goblin
Aim: a goblin, wielding a +0 club (64% to hit)
The sting misses the goblin.
Cast which spell? (? or * to list)
Aiming: Sting (safe; 4% risk of failure)
Press: ? - help, Shift-Dir - straight line, f/p - goblin
Aim: a goblin, wielding a +0 club (64% to hit)
The sting hits the goblin.
The goblin is poisoned.
You kill the goblin!
You enter the shallow water.
A ball python comes into view.
Found 5 gold pieces.
Adjust (i)tems, (s)pells, or (a)bilities?
e - a +0 dagger Adjust to which letter? (? for menu, Esc to quit)
b - a +0 dagger;
e - a scroll labelled ZOKLAR KORAAQ Adjust (i)tems, (s)pells, or (a)bilities?
k - a +0 sling (weapon)
Adjust to which letter? (? for menu, Esc to quit)
a - a +0 sling (weapon);
k - a potion of magic
b - a +0 dagger (weapon)
The helpless ball python fails to defend itself.
You puncture the ball python!
You kill the ball python!
a - a +0 sling (weapon)
You see here a ball python corpse.
You now have 65 gold pieces (gained 5).
Magic restored.
A goblin comes into view. It is wielding a +0 dagger.
Found a scroll labelled HALUKA ESYNUHY.
A goblin is nearby!
A hobgoblin comes into view.
The goblin shouts!
You hear a bark!
You shoot a sling bullet. The hobgoblin shouts!
The sling bullet hits the goblin.
You kill the goblin!
Training target 2.0 for Conjurations reached!
Your Conjurations skill increases to level 2!
You shoot a sling bullet. The sling bullet hits the hobgoblin.
The hobgoblin is severely wounded.
You shoot a sling bullet.
The sling bullet barely misses the hobgoblin.
A jackal comes into view.
You shoot a sling bullet.
The sling bullet closely misses the hobgoblin.
A jackal comes into view.
The hobgoblin closely misses you.
Fire: a) +0 sling
Press: ? - help, Q - select action, (/) - cycle Shift-Dir - straight line, f - jackal, p - hobgoblin
Aim: a jackal (43% to hit)
You shoot a sling bullet. The jackal barks!
The sling bullet hits the hobgoblin but does no damage.
The hobgoblin is severely wounded.
The hobgoblin misses you.
Fire: a) +0 sling
Press: ? - help, Q - select action, (/) - cycle Shift-Dir - straight line, f/p - jackal
Aim: a jackal (43% to hit)
You shoot a sling bullet. The sling bullet hits the hobgoblin.
You kill the hobgoblin!
Fire: a) +0 sling
Press: ? - help, Q - select action, (/) - cycle Shift-Dir - straight line, f - jackal, p - jackal
Aim: a jackal (43% to hit)
Okay, then.
Cast which spell? (? or * to list)
Aiming: Sting (safe; 4% risk of failure)
Press: ? - help, Shift-Dir - straight line, f - jackal, p - jackal
Aim: a jackal (64% to hit)
The sting hits the jackal.
The jackal is poisoned.
The jackal is moderately wounded.
The jackal bites you but does no damage.
The jackal bites you.
Cast which spell? (? or * to list)
Aiming: Sting (safe; 4% risk of failure)
Press: ? - help, Shift-Dir - straight line, f/p - jackal
Aim: a jackal (64% to hit)
You miscast Sting.
You are very lightly contaminated with residual magic.
Nothing appears to happen.
The jackal completely misses you.
Cast which spell? (? or * to list)
Aiming: Sting (safe; 4% risk of failure)
Press: ? - help, Shift-Dir - straight line, f/p - jackal
Aim: a jackal (64% to hit)
The sting hits the jackal.
The jackal looks even sicker.
You kill the jackal!
Cast which spell? (? or * to list)
Aiming: Sting (safe; 4% risk of failure)
Press: ? - help, Shift-Dir - straight line, f/p - jackal
Aim: a jackal (64% to hit)
The sting hits the jackal.
The jackal is poisoned.
The jackal is moderately wounded.
The jackal closely misses you. The jackal misses you.
You shoot a sling bullet.
The sling bullet closely misses the jackal.
The jackal bites you.
You shoot a sling bullet.
The sling bullet closely misses the jackal.
The jackal bites you but does no damage.
The jackal bites you.
You shoot a sling bullet.
The sling bullet barely misses the jackal.
You kill the jackal!
Your magical contamination has completely faded away.
Training target 4.0 for Stealth reached!
Your Stealth skill increases to level 4!
d - 14 stones (gained 3)
A jackal comes into view.
The jackal moves out of view.
You shoot a sling bullet.
The sling bullet closely misses the jackal.
The jackal barks!
A hobgoblin comes into view.
You shoot a sling bullet.
The sling bullet barely misses the jackal.
Cast which spell? (? or * to list)
Aiming: Sting (safe; 4% risk of failure)
Press: ? - help, Shift-Dir - straight line, f/p - jackal
Aim: a jackal (64% to hit)
The sting misses the jackal.
Cast which spell? (? or * to list)
Aiming: Sting (safe; 4% risk of failure)
Press: ? - help, Shift-Dir - straight line, f/p - jackal
Aim: a jackal (64% to hit)
The sting hits the jackal.
The jackal is poisoned.
The jackal is heavily wounded.
The jackal completely misses you.
You shoot a sling bullet.
The sling bullet hits the jackal but does no damage.
The jackal is heavily wounded.
You kill the jackal!
Your Alchemy skill increases to level 4!
Cast which spell? (? or * to list)
Aiming: Sting (safe; 4% risk of failure)
Press: ? - help, Shift-Dir - straight line, f - hobgoblin
Aim: a hobgoblin, wearing a +0 robe (71% to hit)
The sting hits the hobgoblin.
The hobgoblin is poisoned.
The hobgoblin is moderately wounded.
You shoot a sling bullet.
The sling bullet barely misses the hobgoblin.
The hobgoblin hits you.
You shoot a sling bullet.
The sling bullet closely misses the hobgoblin.
The hobgoblin hits you.
The hobgoblin hits you but does no damage.
You shoot a sling bullet. The sling bullet hits the hobgoblin.
You kill the hobgoblin!
Things that are here:
a +0 dagger; a goblin corpse
l - a scroll labelled HALUKA ESYNUHY
There is a stone staircase leading down here.
You climb downwards.
There is a stone staircase leading up here.
Found a pink potion and 4 gold pieces.
HP restored.
m - a pink potion A bat comes into view.
You see here 4 gold pieces.
You now have 69 gold pieces (gained 4).
Cast which spell? (? or * to list)
Aiming: Sting (safe; 4% risk of failure)
Press: ? - help, Shift-Dir - straight line, f - bat
Aim: a bat (asleep, 100% to hit)
The sting hits the bat.
The bat is poisoned.
You kill the bat!
There is a stone staircase leading down here.
You climb downwards.
There is a stone staircase leading up here.
b - a +0 dagger (weapon)
Found a glowing dagger.
Magic restored.
You see here a +2 dagger of venom.
Your +2 dagger of venom begins to drip with poison!
n - a +2 dagger of venom (weapon)
You drop a +0 dagger.
You drop a +0 short sword.
You drop a +0 spear.
Adjust (i)tems, (s)pells, or (a)bilities?
n - a +2 dagger of venom (weapon)
Adjust to which letter? (? for menu, Esc to quit)
b - a +2 dagger of venom (weapon)
Adjust (i)tems, (s)pells, or (a)bilities?
a - a +0 sling Adjust to which letter? (? for menu, Esc to quit)
b - a +0 sling;
a - a +2 dagger of venom (weapon)
A ribbon worm comes into view.
The helpless ribbon worm fails to defend itself.
You puncture the ribbon worm!
The ribbon worm is poisoned.
You grab the ribbon worm.
The ribbon worm is severely wounded.
You constrict the ribbon worm, but do no damage.
The ribbon worm closely misses you.
You hit the ribbon worm.
The ribbon worm is severely wounded.
You constrict the ribbon worm. The ribbon worm bites you.
You hit the ribbon worm.
You kill the ribbon worm!
A hobgoblin comes into view.
Found two stone staircases leading down.
The hobgoblin shouts!
Cast which spell? (? or * to list)
Aiming: Sting (safe; 4% risk of failure)
Press: ? - help, Shift-Dir - straight line, f - hobgoblin
Aim: a hobgoblin (71% to hit)
The sting hits the hobgoblin.
The hobgoblin is poisoned.
The hobgoblin is lightly wounded.
The hobgoblin closely misses you.
You hit the hobgoblin.
The hobgoblin looks even sicker.
You grab the hobgoblin.
The hobgoblin is almost dead.
You constrict the hobgoblin, but do no damage.
The hobgoblin hits you.
You hit the hobgoblin but do no damage.
The hobgoblin looks as sick as possible!
The hobgoblin is almost dead.
You constrict the hobgoblin, but do no damage.
You kill the hobgoblin!
There is a stone staircase leading down here.
HP restored.
You climb downwards.
Found a scroll labelled EGUILOSAWI.
There is a stone staircase leading up here.
Unknown command.
A malevolent force fills the Dungeon...
You fall into a shaft and drop 2 floors!
The shaft crumbles and collapses.
You hear the sound of rushing water.
There is an entrance to a sewer on this level.
Hurry and find it before the portal rusts away!
Found 4 stones.
A jelly comes into view.
The helpless jelly fails to defend itself.
You puncture the jelly!
Your tentacles burn!
The jelly is almost dead.
The jelly barely misses you.
Cast which spell? (? or * to list)
Aiming: Sting (safe; 4% risk of failure)
Press: ? - help, Shift-Dir - straight line, f - jelly
Aim: a jelly (almost dead, 100% to hit)
The sting hits the jelly.
The jelly is poisoned.
The jelly is almost dead.
You kill the jelly!
You have reached level 4!
A gnoll comes into view. It is wielding a +0 flail.
You see here 4 stones.
d - 18 stones (gained 4)
The gnoll shouts!
You hear a shout! x3
A gnoll bouda comes into view. It is wielding a +0 whip.
You hear a shout!
Cast which spell? (? or * to list)
Aiming: Sting (safe; 4% risk of failure)
Press: ? - help, Shift-Dir - straight line, f - gnoll
Aim: a gnoll, wielding a +0 flail (75% to hit)
The sting hits the gnoll.
The gnoll is poisoned.
The gnoll is lightly wounded.
The gnoll bouda shouts!
You hear a shout! x2
Cast which spell? (? or * to list)
Aiming: Sting (safe; 4% risk of failure)
Press: ? - help, Shift-Dir - straight line, f/p - gnoll
Aim: a gnoll, wielding a +0 flail (moderately wounded, poisoned, 75% to hit)
Okay, then.
The gnoll bouda gazes fiercely through you!
You feel your attacks grow feeble.
You hear a distant slurping noise.
Cast which spell? (? or * to list)
Aiming: Sting (safe; 4% risk of failure)
Press: ? - help, Shift-Dir - straight line, f/p - gnoll
Aim: a gnoll, wielding a +0 flail (moderately wounded, poisoned, 75% to hit)
The sting hits the gnoll.
The gnoll looks even sicker.
The gnoll is heavily wounded.
You closely miss the gnoll. You grab the gnoll.
The gnoll is heavily wounded.
You constrict the gnoll. The gnoll hits you with a +0 flail!
You hit the gnoll but do no damage.
The gnoll looks as sick as possible!
The gnoll is heavily wounded.
Your attacks no longer feel as feeble.
You constrict the gnoll, but do no damage.
The gnoll hits you with a +0 flail!
* * * LOW HITPOINT WARNING * * *
The gnoll bouda barks out a call to the hunt!
The gnoll picks up the pace!
You aren't carrying any items that you can evoke.
Unknown command.
Okay, then.
Press: ? - help, v - describe, . - travel
Here: a gnoll, wielding a +0 flail (severely wounded, constricted by you, covering ground quickly, extremely poisoned)
The floor.
Unknown command.
Unknown command.
Cast which spell? (? or * to list)
Aiming: Sting (safe; 4% risk of failure)
Press: ? - help, Shift-Dir - straight line, f - gnoll bouda, p - gnoll
Aim: a gnoll bouda, wielding a +0 whip and wearing a +0 leather armour (75% to hit)
The sting hits the gnoll.
The gnoll looks as sick as possible!
The gnoll is almost dead.
You constrict the gnoll, but do no damage.
The gnoll barely misses you.
The gnoll bouda barks out a call to the hunt!
Cast which spell? (? or * to list)
Aiming: Sting (safe; 4% risk of failure)
Press: ? - help, Shift-Dir - straight line, f/p - gnoll bouda
Aim: a gnoll bouda, wielding a +0 whip and wearing a +0 leather armour (75% to hit)
The sting hits the gnoll.
The gnoll looks as sick as possible!
You kill the gnoll!
Unknown command.
A gnoll sergeant comes into view. It is wielding a +0 spear.
A gnoll comes into view. It is wielding a +2 spear of flaming.
Unknown command.
Unknown command.
Unknown command.
The gnoll bouda gazes fiercely through you!
You feel your attacks grow feeble.
A gnoll comes into view. It is wielding a +0 spear.
Your attacks no longer feel as feeble.
The gnoll shouts!
The gnoll is no longer moving quickly.
The gnoll bouda barks out a call to the hunt!
The gnoll picks up the pace!
The gnoll bouda barks out a call to the hunt!
The gnoll shouts!
You hear the slow rusting of a drain nearby.
Cast which spell? (? or * to list)
Aiming: Sting (safe; 4% risk of failure)
Press: ? - help, Shift-Dir - straight line, f - gnoll
Aim: a gnoll, wielding a +0 spear (covering ground quickly, 77% to hit)
The sting misses the gnoll.
The gnoll hits you from afar with a +0 spear.
* * * LOW HITPOINT WARNING * * *
Cast which spell? (? or * to list)
Aiming: Sting (safe; 4% risk of failure)
Press: ? - help, Shift-Dir - straight line, f/p - gnoll
Aim: a gnoll, wielding a +0 spear (covering ground quickly, 77% to hit)
The sting hits the gnoll.
The gnoll is poisoned.
The gnoll is moderately wounded.
The gnoll hits you but does no damage.
Cast which spell? (? or * to list)
Aiming: Sting (safe; 4% risk of failure)
Press: ? - help, Shift-Dir - straight line, f - gnoll bouda, p - gnoll
Aim: a gnoll bouda, wielding a +0 whip and wearing a +0 leather armour (77% to hit)
The sting hits the gnoll.
The gnoll looks even sicker.
The gnoll is moderately wounded.
The gnoll hits you from afar with a +0 spear!
You die...

#...# ##g##
#.# #g# #.#
#g# #.#
#g#########.
#.g.@.......
############


You could see a gnoll bouda and a gnoll (swift, very poisoned).

Vanquished Creatures
  A jelly (D:6)
  A gnoll (D:6)
  2 adders (D:2)
  2 ribbon worms
  An endoplasm (D:1)
  5 goblins
  5 hobgoblins
  3 jackals (D:1)
  3 ball pythons
  2 bats (D:2)
  A frilled lizard (D:2)
  3 kobolds
  3 rats
32 creatures vanquished.

Notes
Turn   | Place    | Note
-------+----------+-------------------------------------------
     0 | D:1      | jagoly the Octopode Alchemist began the quest for the Orb.
     0 | D:1      | Reached XP level 1. HP: 11/11 MP: 3/3
    80 | D:2      | Reached XP level 2. HP: 8/17 MP: 0/5
   158 | D:2      | Reached XP level 3. HP: 21/21 MP: 0/6
   193 | D:2      | Found a faded altar of an unknown god.
   478 | D:4      | You fall into a shaft and drop 2 floors!
   492 | D:6      | Reached XP level 4. HP: 25/27 MP: 5/7
   512 | D:6      | Noticed a gnoll sergeant
   535 | D:6      | Slain by a gnoll

Illustrated notes

Levels and vault maps discovered:
D:1:      matt_arrival_diagonals, layout_basic, minmay_misc_feat_roman,
          chequers_serial_rivers_micro_a
D:2:      layout_loops_ring, hellmonk_ecumenical_altar_arch_garden
D:3:      layout_loops_ring, mainiacjoe_overflow_paths,
          kennysheep_cluttered_room
D:4:      cheibrodos_helix_gallery, layout_loops_ring,
          mainiacjoe_overflow_chevrons, serial_shops, shop,
          small_statue_intersection, lemuel_flame_loot_1, uniq_blork_the_orc,
          uniq_ijyb, uniq_grinder
D:6:      layout_basic, nicolae_overflow_squiral, gup_sewer_entry_bubbles,
          minmay_misc_feat_ornament, uniq_crazy_yiuf_cottage

Skill      XL: |  1  2  3 |
---------------+----------+-----
Stealth        | 3 4 |  4.0
Conjurations   | 2 |  2.0
Alchemy        | 4 |  4.9
Dodging        | |  2.0
Spellcasting   | |  2.0

Action                     |  1- 3 |  4- 6 || total
---------------------------+-------+-------++-------
  Melee: Short sword       |    31 |       ||    31
         Constrict         |    10 |     1 ||    11
         Tentacles         |     8 |       ||     8
         Punch             |     1 |       ||     1
         Dagger            |     7 |     2 ||     9
   Fire: Sling             |    15 |       ||    15
   Cast: Sting             |    29 |     7 ||    36
   Stab: Sleeping          |     7 |       ||     7
 Armour: Skin              |    19 |     5 ||    24
  Dodge: Dodged            |    36 |     1 ||    37
